 Dungeon Crawl Stone Soup version 0.32-a0-599-gba8f9cf90e (webtiles) character file.

Game seed: 18373001834609914784

0 CrazyBamboolord the Caller (level 1, 13/13 HPs)
             Began as a Demonspawn Summoner on Mar 3, 2024.
             Got out of the dungeon alive.
             The game lasted 00:00:25 (96 turns).

CrazyBamboolord the Caller (Demonspawn Summoner)      Turns: 96, Time: 00:00:25

Health: 13/13      AC:  2    Str:  8    XL:     1   Next: 8%
Magic:  3/3        EV: 12    Int: 15    God:
Gold:   21         SH:  0    Dex: 13    Spells: 3/4 levels left

rFire   . . .        (no weapon)
rCold   . . .        (no shield)
rNeg    . . .        a - +0 robe
rPois   .            (no helmet)
rElec   .            (no cloak)
rCorr   .            (no gloves)
SInv    .            (no boots)
Will    .....        (no amulet)
Stlth   ++           (no ring)
HPRegen 0.22/turn    (no ring)
MPRegen 0.08/turn

%: no passive effects
@: no status effects
A: no striking features
a: no special abilities


You escaped.
You visited 1 branch of the dungeon, and saw 1 of its levels.

You collected 21 gold pieces.

Inventory:

Armour
 a - a +0 robe (worn)
Scrolls
 c - a scroll of fog {unknown}
Potions
 b - a potion of magic


   Skills:
 + Level 0.0 Fighting
 * Level 1.7 Dodging
 + Level 1.7 Stealth
 * Level 2.0 Spellcasting
 + Level 4.0 Summonings


You had 3 spell levels left.
You knew the following spells:

 Your Spells              Type           Power      Damage    Failure   Level
a - Summon Small Mammal   Summ           52%        N/A       4%          1

Your spell library contained the following spells:

 Spells                   Type           Power      Damage    Failure   Level
 Call Imp                 Summ           26%        N/A       6%          2
 Call Canine Familiar     Summ           13%        N/A       13%         3
 Summon Blazeheart Golem  Fire/Summ      7%         N/A       67%         4
 Summon Lightning Spire   Summ/Air       7%         N/A       67%         4


Dungeon Overview and Level Annotations

Branches:
Dungeon (1/15)

Altars:


Message History

Welcome, CrazyBamboolord the Demonspawn Summoner.
Everyone else who sought the Orb of Zot has failed.
Will you be different?
Press ? for a list of commands and other information.
Found a scroll labelled DYIQUE HOEGGIB and 21 gold pieces.
Found a staircase leading out of the dungeon.
You now have 3 gold pieces.
c - a scroll labelled DYIQUE HOEGGIB You now have 21 gold pieces (gained 18).
As you open the door, it creaks loudly!
There is an open door here.
A frilled lizard comes into view.
A frilled lizard is nearby!
The frilled lizard hisses angrily.
Your bat barely misses the frilled lizard.
Your bat closely misses the frilled lizard.
The frilled lizard bites you but does no damage.
Your bat disappears in a puff of smoke!
The frilled lizard bites you.
You are out of magic!
You are out of magic!
You hit the frilled lizard.
You kill the frilled lizard!
No target in view!
No target in view!
You swap places.
HP restored.
There is an open door here.
Your bat disappears in a puff of smoke!
Magic restored.
Your rat disappears in a puff of smoke!
There is a staircase leading out of the dungeon here.
You have escaped!

............r..#
.#############.# .
#......br...#.#####...
#.####.####.#.#.......
#....r.§#r#.........
#.#####.#.#.#.......
#.#...#§#.#r#####...
#.#...#.#.#b# .
#.#.@...#.'.#
#.#...#.#.#.#
#.#...#.#.#.#
#.#####.#.#.#
#.......#.#.#
####.####.#..
#...........#.#
#############.#


There were no monsters in sight!

Vanquished Creatures
  A frilled lizard (D:1)
1 creature vanquished.

Notes
Turn   | Place    | Note
-------+----------+-------------------------------------------
     0 | D:1      | CrazyBamboolord the Demonspawn Summoner began the quest for
                  | the Orb.
     0 | D:1      | Reached XP level 1. HP: 13/13 MP: 3/3
    96 | D:$      | Got out of the dungeon alive.

Illustrated notes

Levels and vault maps discovered:
D:1:      matt_arrival_refuge, layout_rooms, serial_bayou_lagoon_b

Action                     || total
---------------------------++-------
  Melee: Unarmed           ||     1
   Cast: Summon Small Mamm ||     3
 Armour: Robe              ||     2

Table legend: (Time is in decaauts)
 A = Elapsed time spent in this place.
 B = Non-inter-level travel time spent in this place.
 C = Inter-level travel time spent in this place.
 D = Time resting spent in this place.
 E = Time spent auto-exploring this place.
 F = Levels seen in this place.
 G = Mean time per level.
                   A        B        C        D        E       F      G
               +--------+--------+--------+--------+--------+-----+--------+
         Total |     96 |     62 |     34 |      0 |     51 |   1 |   96.0 |
       Dungeon |     96 |     62 |     34 |      0 |     51 |   1 |   96.0 |
               +--------+--------+--------+--------+--------+-----+--------+

Top non-repeatable levels by time:
     D:1: 96 daAuts
